[Event "Titled Tuesday Blitz March 07 Early 2023"]
[White "Odegov, Artem"]
[Black "Zaksaite, Salomeja"]
[WhiteFideId "34183644"]
[BlackFideId "12801496"]
[WhiteElo "2300"]
[BlackElo "2059"]
[Result "1-0"]
[Round "01"]
[TimeControl "180+2"]
[Date "2023.03.07"]
[WhiteClock "0:01:08"]
[BlackClock "0:00:01"]

1. d4 Nf6 2. c4 g6 3. Nc3 Bg7 4. e4 d6 5. h3 O-O 6. Be3 Nc6 7. d5 Nb8 8. g4 c6 9. Bd3 cxd5 10. cxd5 Nfd7 11. Nge2 Nc5 12. Bc2 a5 13. Rc1 Nba6 14. Bb1 Bd7 15. Nd4 b5 16. Ndxb5 Bxb5 17. Nxb5 Bxb2 18. Rc4 Qb6 19. a4 Bg7 20. O-O Rfc8 21. Qe2 Qb7 22. Rfc1 Nb3 23. Rxc8+ Rxc8 24. Rxc8+ Qxc8 25. Qc2 Nbc5 26. Kg2 Nb4 27. Qc4 Nba6 28. f4 Qb7 29. Kg3 h6 30. e5 Nd7 31. exd6 e5 32. Qc6 exf4+ 33. Bxf4 Qxc6 34. dxc6 Nb6 35. d7 Bf6 36. c7 1-0


[Site "https://www.chess.com"]

[Event "Titled Tuesday Blitz March 07 Early 2023"]
[White "SicilianPanzer"]
[Black "Sielecki, Christof"]
[BlackFideId "4620437"]
[WhiteElo "2262"]
[BlackElo "2443"]
[Result "0-1"]
[Round "01"]
[TimeControl "180+2"]
[Date "2023.03.07"]
[WhiteClock "0:00:01"]
[BlackClock "0:00:27"]

1. d4 d5 2. c4 e6 3. Nc3 Nf6 4. cxd5 exd5 5. Bg5 c6 6. Qc2 h6 7. Bh4 Be7 8. e3 O-O 9. Bd3 Re8 10. Nge2 a5 11. O-O b5 12. a4 b4 13. Na2 Ba6 14. Nac1 Nfd7 15. Bxe7 Qxe7 16. Nb3 Bxd3 17. Qxd3 Rc8 18. Rfc1 Qd8 19. Rc2 Na6 20. Rac1 Qb6 21. e4 dxe4 22. Qxe4 Nf6 23. Qf5 Nd5 24. Nc5 Nxc5 25. Rxc5 Qa6 26. Nf4 Nxf4 27. Qxf4 Qd3 28. d5 Rd8 29. Qf3 Qxf3 30. gxf3 cxd5 31. Rd1 d4 32. Rd3 Rac8 33. Rxc8 Rxc8 34. Rxd4 Rc2 35. Rd5 Rxb2 36. Rxa5 Ra2 37. Kg2 g5 38. Rb5 Rxa4 39. Rb8+ Kg7 40. Rb6 f6 41. f4 Kg6 0-1


[Site "https://www.chess.com"]

[Event "Titled Tuesday Blitz March 07 Early 2023"]
[White "Djokovic, Nebojsa"]
[Black "Smith, Garrett L"]
[WhiteFideId "938300"]
[BlackFideId "2024829"]
[WhiteElo "2590"]
[BlackElo "2259"]
[Result "0-1"]
[Round "01"]
[TimeControl "180+2"]
[Date "2023.03.07"]
[WhiteClock "0:00:09"]
[BlackClock "0:00:12"]

1. c4 c5 2. Nf3 Nc6 3. d4 cxd4 4. Nxd4 e5 5. Nb5 d6 6. N1c3 a6 7. Na3 Be7 8. e4 Be6 9. Bd3 Bg5 10. Nc2 Bxc1 11. Rxc1 Nge7 12. O-O O-O 13. Qd2 f5 14. exf5 Nxf5 15. Bxf5 Rxf5 16. Ne3 Rh5 17. g3 Qd7 18. f4 Rf8 19. fxe5 Rxf1+ 20. Rxf1 dxe5 21. Qf2 h6 22. Qf8+ Kh7 23. Ncd5 Nd4 24. Rf2 b5 25. b3 bxc4 26. bxc4 e4 27. Nf4 Ra5 28. Nxe6 Qxe6 29. Kg2 Nf3 30. Qf4 Ne1+ 31. Kg1 Nd3 32. Qc7 Ra3 33. Rf7 Qe5 34. Qxe5 Nxe5 35. Nf5 Kg6 36. Rf8 Nf3+ 37. Kf2 Rxa2+ 38. Ke3 Ng5 39. Ne7+ Kh7 40. h4 Ra3+ 41. Kf4 Ne6+ 42. Kxe4 Nxf8 43. h5 Rxg3 44. c5 Rg5 45. c6 Ne6 46. Nf5 Rg1 47. Ke5 Nc7 48. Kd6 Nb5+ 49. Kd7 Rc1 50. Ne7 a5 51. Nd5 a4 52. c7 Nxc7 53. Nxc7 a3 54. Nd5 a2 55. Ke8 a1=Q 56. Ne7 Qa8+ 57. Kf7 Rf1+ 58. Ke6 Qe4+ 59. Kd7 Rd1+ 60. Ke8 Re1 61. Kd8 Qxe7+ 62. Kc8 Rd1 63. Kb8 Rd8# 0-1


[Site "https://www.chess.com"]

[Event "Titled Tuesday Blitz March 07 Early 2023"]
[White "Zaichenko, Daria"]
[Black "Shapiro, Viktor"]
[WhiteFideId "4197453"]
[BlackFideId "4175700"]
[WhiteElo "2039"]
[BlackElo "2152"]
[Result "1-0"]
[Round "01"]
[TimeControl "180+2"]
[Date "2023.03.07"]
[WhiteClock "0:00:48"]
[BlackClock "0:00:06"]

1. e4 c5 2. Nf3 d6 3. d4 cxd4 4. Nxd4 Nf6 5. Nc3 a6 6. Bd3 e5 7. Nb3 Be6 8. a4 Nbd7 9. O-O Be7 10. h3 Rc8 11. Be3 Nb6 12. Nd2 O-O 13. a5 Nbd7 14. f4 exf4 15. Bxf4 Ne5 16. Be2 Qc7 17. Nf3 Rfd8 18. Nd4 d5 19. Nxe6 fxe6 20. exd5 Nxd5 21. Nxd5 Rxd5 22. Qe1 Qxc2 23. Rc1 Bc5+ 24. Kh1 Qg6 25. b4 h6 26. bxc5 Rdxc5 27. Rxc5 Rxc5 28. Bxe5 Rxe5 29. Qf2 Kh7 30. Qf3 Rf5 31. Bd3 Rxf3 32. Bxg6+ Kxg6 33. Rxf3 e5 34. g4 1-0


[Site "https://www.chess.com"]

[Event "Titled Tuesday Blitz March 07 Early 2023"]
[White "Maksimenko, Viktor"]
[Black "Blokhin, Sofia"]
[WhiteFideId "13710478"]
[BlackFideId "4508190"]
[WhiteElo "2277"]
[BlackElo "1994"]
[Result "1-0"]
[Round "01"]
[TimeControl "180+2"]
[Date "2023.03.07"]
[WhiteClock "0:00:32"]
[BlackClock "0:00:03"]

1. d4 f5 2. g3 e6 3. Bg2 Nf6 4. Nh3 Be7 5. c4 O-O 6. O-O d5 7. Nc3 c6 8. Qc2 Ne4 9. a3 b6 10. Nf4 g5 11. Nd3 Nd7 12. cxd5 cxd5 13. Rd1 Bb7 14. Nxe4 dxe4 15. Qb3 Bd5 16. Qb5 a6 17. Qa4 exd3 18. Bxd5 exd5 19. exd3 b5 20. Qb3 Nb6 21. Bd2 Bf6 22. Ba5 Bxd4 23. Rac1 Qd6 24. Bb4 Qh6 25. Bxf8 Rxf8 26. Qb4 Bxf2+ 27. Kxf2 Qxh2+ 28. Kf1 Re8 29. Qd2 Qh1+ 30. Kf2 Qh2+ 31. Kf3 g4+ 32. Kf4 Qh6+ 33. Kxf5 Qe6+ 34. Kg5 Qg6+ 35. Kf4 Rf8+ 36. Ke3 d4+ 37. Kxd4 Qf6+ 38. Kc5 Na4+ 39. Kb4 Qd4+ 40. Kb3 Qd5+ 41. Kb4 Qd4+ 42. Kb3 Qd5+ 43. Kc2 Qa2 44. Qb4 Rc8+ 45. Kd2 Rf8 46. Rf1 Re8 47. Qxg4+ Kh8 48. Qd4+ Kg8 49. Rc7 Qxb2+ 50. Qxb2 Nxb2 51. Rff7 Na4 52. Rg7+ Kh8 53. Rxh7+ Kg8 54. Rhg7+ Kh8 55. Rgd7 Re6 56. Rc8+ Re8 57. Rxe8# 1-0


[Site "https://www.chess.com"]

[Event "Titled Tuesday Blitz March 07 Early 2023"]
[White "Chakravarthi Reddy, M"]
[Black "Pinheiro, Iung Alicio de O."]
[WhiteFideId "25009532"]
[BlackFideId "2104350"]
[WhiteElo "2201"]
[BlackElo "2283"]
[Result "0-1"]
[Round "01"]
[TimeControl "180+2"]
[Date "2023.03.07"]
[WhiteClock "0:00:50"]
[BlackClock "0:00:25"]

1. c4 e6 2. Nc3 d5 3. d4 h6 4. cxd5 exd5 5. Nf3 Nf6 6. Qb3 Bd6 7. Bd2 c6 8. e3 Qb6 9. Bd3 Be6 10. Na4 Qxb3 11. axb3 Nbd7 12. b4 a6 13. Nc5 Rb8 14. Nxe6 fxe6 15. Bg6+ Ke7 16. Nh4 Nf8 17. Bd3 Ne4 18. Bc3 g5 19. Nf3 Nd7 20. Nd2 Nxd2 21. Kxd2 Rhf8 22. f3 e5 23. dxe5 Bxe5 24. Rae1 Bxc3+ 25. bxc3 Kd6 26. e4 Ne5 27. exd5 cxd5 28. Re2 Rbe8 29. Rhe1 Re7 30. b5 a5 31. b6 Rfe8 32. Bb5 Nc4+ 33. Bxc4 dxc4 34. Rxe7 Rxe7 35. Rxe7 Kxe7 36. Ke3 a4 37. Kd2 Kd6 38. g3 Kc5 39. f4 gxf4 40. gxf4 Kxb6 41. Kc2 Kc7 42. Kb2 b5 43. Ka3 Kd6 44. Kb4 Ke6 45. Kxb5 a3 46. Kxc4 a2 47. Kd4 a1=Q 48. Kc4 Qa4+ 49. Kd3 Kd5 50. c4+ Qxc4+ 51. Ke3 Qe4+ 52. Kf2 Qxf4+ 53. Kg2 Ke4 54. Kh1 Qf2 55. h4 Kf3 56. h5 Qg2# 0-1


[Site "https://www.chess.com"]

[Event "Titled Tuesday Blitz March 07 Early 2023"]
[White "Sekar, B"]
[Black "De Souza, Cristiano Gomes"]
[WhiteFideId "5043743"]
[BlackFideId "2151758"]
[WhiteElo "2258"]
[BlackElo "2068"]
[Result "1-0"]
[Round "01"]
[TimeControl "180+2"]
[Date "2023.03.07"]
[WhiteClock "0:00:10"]
[BlackClock "0:00:35"]

1. Nf3 Nf6 2. c4 g6 3. b3 Bg7 4. Bb2 O-O 5. e3 d6 6. Nc3 e5 7. Be2 Nc6 8. O-O h6 9. d4 exd4 10. Nxd4 Nxd4 11. Qxd4 Ng4 12. Qd2 Ne5 13. Nd5 Be6 14. f4 Nc6 15. Bxg7 Kxg7 16. Qb2+ f6 17. Rad1 Ne7 18. e4 c6 19. Ne3 Qc7 20. Rd2 Rad8 21. Rfd1 Kh7 22. h3 f5 23. exf5 Nxf5 24. Nxf5 Bxf5 25. Bf3 d5 26. cxd5 cxd5 27. Qd4 Be6 28. Qe5 Qxe5 29. fxe5 Rf5 30. Bxd5 Rxe5 31. Bxe6 Rxd2 32. Rxd2 Rxe6 33. Rd7+ Kg8 34. Rxb7 Re1+ 35. Kf2 Rb1 36. Rxa7 Rb2+ 37. Kf3 h5 38. h4 Kf8 39. g4 hxg4+ 40. Kxg4 Rg2+ 41. Kf4 Rh2 42. Kg5 Rg2+ 43. Kf6 Ke8 44. b4 Rg4 45. b5 Rxh4 46. b6 Rb4 47. b7 Rb6+ 48. Ke5 g5 49. Ra8+ Kd7 50. b8=Q 1-0


[Site "https://www.chess.com"]

[Event "Titled Tuesday Blitz March 07 Early 2023"]
[White "Tsotsonava, Elene"]
[Black "Saravana, Krishnan P."]
[WhiteFideId "13615939"]
[BlackFideId "5018382"]
[WhiteElo "1829"]
[BlackElo "2189"]
[Result "1-0"]
[Round "01"]
[TimeControl "180+2"]
[Date "2023.03.07"]
[WhiteClock "0:00:23"]
[BlackClock "0:00:01"]

1. e4 e6 2. d3 d5 3. Nd2 Nf6 4. g3 Bc5 5. Bg2 Bf8 6. Ngf3 Bc5 7. O-O dxe4 8. dxe4 O-O 9. Qe2 b6 10. e5 Nd5 11. c4 Nb4 12. a3 Qd3 13. Qxd3 Nxd3 14. b4 Be7 15. Ne1 Nxc1 16. Bxa8 Ne2+ 17. Kg2 c6 18. Nc2 Rd8 19. Ne4 Nd4 20. Nxd4 Rxd4 21. Rfe1 Rxc4 22. Rac1 Rd4 23. f3 Rd8 24. Red1 Rf8 25. Bxc6 Nxc6 26. Rxc6 Ba6 27. Rc7 Bd8 28. Rcd7 f5 29. Rxd8 fxe4 30. fxe4 Bb7 31. Rxf8+ Kxf8 32. Rd7 Bxe4+ 33. Kf2 a5 34. bxa5 bxa5 35. Ra7 Bd5 36. Rxa5 g5 37. Ke3 Bg2 38. Kd4 Kf7 39. Rc5 Kg6 40. a4 Kf5 41. a5 h5 42. a6 h4 43. gxh4 gxh4 44. Rc2 h3 45. a7 Kf4 46. Ra2 Ba8 47. Rf2+ Kg4 48. Kc5 1-0


[Site "https://www.chess.com"]

[Event "Titled Tuesday Blitz March 07 Early 2023"]
[White "Ozates, Tuna"]
[Black "Thiel, Thomas"]
[WhiteFideId "6354521"]
[BlackFideId "4615964"]
[WhiteElo "2151"]
[BlackElo "2246"]
[Result "1-0"]
[Round "01"]
[TimeControl "180+2"]
[Date "2023.03.07"]
[WhiteClock "0:00:05"]
[BlackClock "0:00:02"]

1. e4 d5 2. exd5 Nf6 3. c4 c6 4. d4 cxd5 5. Nc3 Nc6 6. Bg5 Be6 7. c5 g6 8. Bb5 Bg7 9. Nf3 O-O 10. O-O Bg4 11. Bxc6 bxc6 12. h3 Bxf3 13. Qxf3 Nd7 14. Rfe1 Re8 15. Qd3 h6 16. Bh4 g5 17. Bg3 e5 18. dxe5 Nxe5 19. Qa6 Qc8 20. Qa4 Nc4 21. Qc2 Qa6 22. Rxe8+ Rxe8 23. Rd1 Qa5 24. Bd6 Nxb2 25. Qxb2 Bxc3 26. Qb7 Qa4 27. Rd3 Bg7 28. Rf3 Rf8 29. Kh2 Qb5 30. Qxa7 Qe2 31. Re3 Qxf2 32. Rf3 Qe2 33. Qc7 Qd1 34. Qxc6 Bd4 35. Qd7 Bg1+ 36. Kg3 Qe1+ 37. Kg4 Qe4+ 38. Bf4 gxf4 39. Rxf4 Qg6+ 40. Kf3 Qd3+ 41. Kg4 h5+ 42. Kxh5 Qg6+ 43. Kh4 Bd4 44. Rg4 Bf6+ 45. Kg3 Bg5 46. Qxd5 1-0


[Site "https://www.chess.com"]

[Event "Titled Tuesday Blitz March 07 Early 2023"]
[White "Burke, John F"]
[Black "Budisavljevic, Luka"]
[WhiteFideId "2052970"]
[BlackFideId "960047"]
[WhiteElo "2245"]
[BlackElo "2424"]
[Result "0-1"]
[Round "01"]
[TimeControl "180+2"]
[Date "2023.03.07"]
[WhiteClock "0:00:18"]
[BlackClock "0:00:40"]

1. d4 Nf6 2. c4 a6 3. Nc3 c5 4. d5 b5 5. cxb5 axb5 6. Nxb5 Qa5+ 7. Nc3 Bb7 8. Bd2 Qb6 9. e4 e6 10. dxe6 fxe6 11. Bd3 Nc6 12. Nf3 Nb4 13. Be2 Nxe4 14. Nxe4 Bxe4 15. O-O Be7 16. Ng5 Bxg5 17. Bxg5 O-O 18. a3 Nc2 19. Rc1 Nd4 20. Bd3 Bxd3 21. Qxd3 Rf5 22. Be3 Qxb2 23. Rfe1 Rxa3 24. Qf1 h6 25. h3 Ra2 26. Rb1 Qc2 27. Rb8+ Kh7 28. Rb7 Qa4 29. Rd1 Ne2+ 30. Kh2 d5 31. g4 Rf6 32. Qg2 Nc3 33. Rc1 Ne4 34. h4 Rfxf2 0-1


[Site "https://www.chess.com"]

[Event "Titled Tuesday Blitz March 07 Early 2023"]
[White "Klose, Eli"]
[Black "Fajdetic, Hrvoje"]
[WhiteFideId "16242955"]
[BlackFideId "14501945"]
[WhiteElo "2574"]
[BlackElo "2185"]
[Result "1-0"]
[Round "01"]
[TimeControl "180+2"]
[Date "2023.03.07"]
[WhiteClock "0:00:20"]
[BlackClock "0:00:34"]

1. e4 e6 2. Nf3 d5 3. e5 c5 4. b4 c4 5. c3 f6 6. d4 cxd3 7. Bxd3 fxe5 8. Nxe5 Nf6 9. O-O Nc6 10. Bf4 Bd6 11. Nxc6 bxc6 12. Bxd6 Qxd6 13. f4 O-O 14. Qe2 Nd7 15. Nd2 e5 16. fxe5 Rxf1+ 17. Rxf1 Qxe5 18. Qf2 Nf6 19. Qc5 Bd7 20. Nf3 Qc7 21. h3 Qb6 22. Qd4 Re8 23. a4 Re3 24. Rd1 Bxh3 25. Qxb6 axb6 26. Kf2 Ng4+ 27. Kg3 Bxg2 28. Kxg2 Re7 29. Re1 Rxe1 30. Nxe1 Ne3+ 31. Kf3 Nd1 32. a5 1-0


[Site "https://www.chess.com"]

[Event "Titled Tuesday Blitz March 07 Early 2023"]
[White "Kohler, Aran"]
[Black "Crevatin, Leo"]
[WhiteFideId "1002856"]
[BlackFideId "1726307"]
[WhiteElo "2239"]
[BlackElo "2190"]
[Result "0-1"]
[Round "01"]
[TimeControl "180+2"]
[Date "2023.03.07"]
[WhiteClock "0:00:44"]
[BlackClock "0:01:21"]

1. Nf3 d5 2. d4 Nf6 3. Bf4 c5 4. e3 Nc6 5. c3 Qb6 6. Qb3 c4 7. Qc2 Bf5 8. Qc1 e6 9. Be2 h6 10. Nbd2 Nh5 11. Ne5 Nxf4 12. exf4 Bd6 13. g4 Bh7 14. b3 cxb3 15. axb3 f6 16. Nxc6 bxc6 17. Ra6 Qc7 18. b4 O-O 19. Nf1 Bxf4 20. Qa3 e5 21. Qa4 Rfc8 22. Ng3 exd4 23. cxd4 Qe7 24. Rxc6 Rxc6 25. Qxc6 Qxb4+ 26. Kf1 Rd8 27. Qe6+ Kh8 28. Kg2 Qxd4 29. Bf3 Qe5 30. Qa6 Be4 31. Bxe4 dxe4 32. Nh5 e3 33. Qxa7 Qe4+ 34. f3 Rd2+ 35. Kh3 Qxf3+ 36. Ng3 Bxg3 37. Qa8+ Qxa8 0-1


[Site "https://www.chess.com"]

[Event "Titled Tuesday Blitz March 07 Early 2023"]
[White "Derix, Bernhard"]
[Black "Biriukov, Ilja"]
[WhiteFideId "4642368"]
[BlackFideId "4113373"]
[WhiteElo "2572"]
[BlackElo "2426"]
[Result "1-0"]
[Round "01"]
[TimeControl "180+2"]
[Date "2023.03.07"]
[WhiteClock "0:00:29"]
[BlackClock "0:00:06"]

1. e4 c5 2. Nf3 d6 3. Bb5+ Bd7 4. Bxd7+ Nxd7 5. O-O Ngf6 6. Qe2 g6 7. c3 Bg7 8. d4 O-O 9. e5 Nd5 10. e6 N7f6 11. exf7+ Kh8 12. Ng5 Nc7 13. dxc5 dxc5 14. Na3 h6 15. Ne6 Nxe6 16. Qxe6 Qd6 17. Re1 Qxe6 18. Rxe6 Rxf7 19. Be3 b6 20. Rd1 Kg8 21. Nb5 Kf8 22. Rc6 e5 23. Nc7 Rb8 24. Ne6+ Kg8 25. f3 g5 26. a4 Rbb7 27. Nd8 Rbd7 28. Rxd7 Rxd7 29. Ne6 Kf7 30. Nxg7 Kxg7 31. Re6 Rd1+ 32. Kf2 Rb1 33. Rxe5 Rxb2+ 34. Kf1 Kf7 35. h4 gxh4 36. Bxh6 Ra2 37. Bg5 Rxa4 38. Ke2 a5 39. f4 Ng4 40. Rd5 Ke6 41. Rd8 Ra2+ 42. Kf3 Nh2+ 43. Ke4 c4 44. f5+ Kf7 45. Rd7+ Ke8 46. Re7+ Kf8 47. f6 Rxg2 48. Bh6+ Kg8 49. f7+ Kh7 50. f8=Q+ 1-0


[Site "https://www.chess.com"]

[Event "Titled Tuesday Blitz March 07 Early 2023"]
[White "Ciuffoletti, Paolo"]
[Black "Gabdrakhmanov, Azat"]
[WhiteFideId "807630"]
[BlackFideId "34189197"]
[WhiteElo "2143"]
[BlackElo "2266"]
[Result "0-1"]
[Round "01"]
[TimeControl "180+2"]
[Date "2023.03.07"]
[WhiteClock "0:00:03"]
[BlackClock "0:00:09"]

1. e4 c5 2. d4 cxd4 3. c3 dxc3 4. Nxc3 e6 5. Nf3 Be7 6. Bc4 d6 7. O-O Nc6 8. Qe2 Nf6 9. Rd1 e5 10. h3 O-O 11. Be3 a6 12. a3 b5 13. Ba2 Bb7 14. Rac1 Qb8 15. Nh4 Re8 16. Nf5 Bf8 17. Bg5 Nd4 18. Nxd4 exd4 19. Rxd4 Nd7 20. Kh2 Nc5 21. Qf3 Ne6 22. Bxe6 Rxe6 23. Nd5 Bxd5 24. exd5 Re8 25. Rc6 Qb7 26. Bd2 Qe7 27. Bb4 Qe5+ 28. Qf4 a5 29. Bxd6 Bxd6 30. Rxd6 Qe1 31. Rd7 Rf8 32. Re4 Qd1 33. Ree7 Qh5 34. g4 Qg6 35. h4 h5 36. gxh5 Qxh5 37. d6 Rad8 38. Rxd8 Rxd8 39. d7 Kh7 40. Qe4+ f5 41. Qf4 Qg6 42. Qe5 Qg4 43. Qg3 Kg6 44. Qxg4+ fxg4 45. Kg3 Kf6 46. Re8 Rxd7 47. Kxg4 Rd2 48. f4 Rxb2 49. Rb8 b4 50. Rb6+ Kf7 51. Kf5 bxa3 52. Ra6 Rb5+ 53. Kg4 a2 54. Ra7+ Kg6 55. h5+ Kh6 56. Ra6+ Kh7 0-1


[Site "https://www.chess.com"]

[Event "Titled Tuesday Blitz March 07 Early 2023"]
[White "Tarhan, Adar"]
[Black "Dilmukhametov, Artur"]
[WhiteFideId "34544712"]
[BlackFideId "24179922"]
[WhiteElo "2220"]
[BlackElo "2199"]
[Result "1-0"]
[Round "01"]
[TimeControl "180+2"]
[Date "2023.03.07"]
[WhiteClock "0:02:00"]
[BlackClock "0:01:58"]

1. e4 e6 2. d4 d5 3. Nd2 Nf6 4. e5 Nfd7 5. Bd3 c5 6. c3 Nc6 7. Ne2 cxd4 8. cxd4 f6 9. exf6 Nxf6 10. O-O Bd6 11. Nf3 O-O 12. Bf4 Ng4 13. Bg3 Rxf3 14. gxf3 Nf6 15. Rc1 Bd7 16. Bxd6 Be8 17. Bg3 Nh5 18. Re1 Nxg3 19. hxg3 Qf6 20. Qd2 e5 21. Rxc6 Bxc6 22. dxe5 Qxf3 23. Nd4 Qh5 24. Nxc6 bxc6 25. Qc2 Rc8 26. e6 Qg5 27. e7 Re8 28. Bxh7+ Kh8 29. Qg6 Qxg6 30. Bxg6 1-0


[Site "https://www.chess.com"]

[Event "Titled Tuesday Blitz March 07 Early 2023"]
[White "Mim, Akter"]
[Black "Aizpurua, Patrick Emilio"]
[WhiteFideId "10263950"]
[BlackFideId "6600522"]
[WhiteElo "2221"]
[BlackElo "2378"]
[Result "0-1"]
[Round "01"]
[TimeControl "180+2"]
[Date "2023.03.07"]
[WhiteClock "0:01:42"]
[BlackClock "0:02:03"]

1. e4 Nf6 2. e5 Nd5 3. d4 d6 4. Nf3 dxe5 5. dxe5 c6 6. Be2 Bf5 7. O-O e6 8. a3 Be7 9. c4 Nb6 10. Nc3 N8d7 11. Be3 O-O 12. b4 Bg4 13. Bf4 Bxf3 14. Bxf3 Nxc4 15. Qe2 Ncb6 16. Rad1 Nd5 17. Nxd5 cxd5 18. Rd3 Rc8 19. Bg4 Rc4 20. Qd2 a5 21. Rh3 axb4 22. Qd3 g6 23. g3 bxa3 24. Bh6 Re8 25. Bh5 Nxe5 26. Qe2 Bf6 27. Bf4 Re4 28. Qa2 gxh5 29. Rxh5 Ng6 0-1


[Site "https://www.chess.com"]

[Event "Titled Tuesday Blitz March 07 Early 2023"]
[White "Papp, Levente"]
[Black "Tagliati, Eleonore"]
[WhiteFideId "751243"]
[BlackFideId "45172234"]
[WhiteElo "2380"]
[BlackElo "2213"]
[Result "1-0"]
[Round "01"]
[TimeControl "180+2"]
[Date "2023.03.07"]
[WhiteClock "0:00:06"]
[BlackClock "0:00:03"]

1. b3 e5 2. Bb2 Nc6 3. c4 Nf6 4. Nc3 d5 5. cxd5 Nxd5 6. g3 Be6 7. Bg2 Be7 8. Nf3 O-O 9. O-O Qd7 10. Rc1 Rad8 11. Ne4 f6 12. Nc5 Bxc5 13. Rxc5 Nb6 14. d3 Bh3 15. a3 Bxg2 16. Kxg2 Qd6 17. Qc2 Rde8 18. b4 a6 19. Rc1 f5 20. Qc3 Rf7 21. Nxe5 Nxe5 22. Rxe5 Rxe5 23. Qxe5 Qxe5 24. Bxe5 c6 25. f4 Rd7 26. Kf3 g6 27. h3 Kf7 28. g4 Ke6 29. gxf5+ gxf5 30. Rg1 Nc8 31. Rg8 Ne7 32. Rf8 Ng6 33. Rf6+ Ke7 34. Rxf5 Nh4+ 35. Kg4 Nxf5 36. Kxf5 Kf7 37. d4 Rd8 38. e4 Rg8 39. d5 cxd5 40. exd5 Rg3 41. d6 Rxa3 42. Ke4 Ra2 43. f5 Re2+ 44. Kd5 Rd2+ 45. Bd4 Ke8 46. f6 Kd7 47. f7 Rd1 48. f8=Q 1-0


[Site "https://www.chess.com"]

[Event "Titled Tuesday Blitz March 07 Early 2023"]
[White "Garrido, Denis"]
[Black "Malyi, Viacheslav"]
[WhiteFideId "601217"]
[BlackFideId "14123983"]
[WhiteElo "2213"]
[BlackElo "2291"]
[Result "1/2-1/2"]
[Round "01"]
[TimeControl "180+2"]
[Date "2023.03.07"]
[WhiteClock "0:01:01"]
[BlackClock "0:01:30"]

1. e4 e5 2. Nf3 Nc6 3. Bb5 a6 4. Ba4 Nf6 5. Nc3 b5 6. Bb3 Bc5 7. d3 d6 8. Nd5 Nxd5 9. Bxd5 Bb7 10. c3 Bb6 11. O-O Rb8 12. d4 O-O 13. Bg5 Qe8 14. Re1 h6 15. Bh4 Kh8 16. a4 f5 17. exf5 Rxf5 18. dxe5 Nxe5 19. Bxb7 Rxb7 20. Nxe5 Rxe5 21. axb5 axb5 22. Rxe5 dxe5 23. Qd5 Ra7 24. Rxa7 Bxa7 25. Bg3 e4 26. h3 Bb6 27. Bf4 e3 28. fxe3 Bxe3+ 29. Bxe3 Qxe3+ 30. Kh2 Qf4+ 31. Kg1 Qc1+ 32. Kh2 Qf4+ 33. Kg1 Qc1+ 34. Kh2 Qxb2 35. Qd8+ Kh7 36. Qd3+ Kg8 37. Qd5+ Kh7 38. Qd3+ Kg8 39. Qd5+ Kf8 40. Qd8+ Kf7 41. Qxc7+ Kg8 42. Qc8+ Kh7 43. Qf5+ Kg8 44. Qc8+ Kh7 45. Qf5+ Kh8 46. Qc8+ Kh7 1/2-1/2


[Site "https://www.chess.com"]

[Event "Titled Tuesday Blitz March 07 Early 2023"]
[White "Janaszak, Dawid"]
[Black "Comas Fabrego, Lluis"]
[WhiteFideId "1119206"]
[BlackFideId "2200325"]
[WhiteElo "2220"]
[BlackElo "2523"]
[Result "1-0"]
[Round "01"]
[TimeControl "180+2"]
[Date "2023.03.07"]
[WhiteClock "0:00:47"]
[BlackClock "0:00:08"]

1. e4 c5 2. Nc3 d6 3. f4 g6 4. Nf3 Bg7 5. Bc4 Nc6 6. O-O e6 7. d4 cxd4 8. Nb5 a6 9. Nbxd4 Nge7 10. c3 O-O 11. Qe1 d5 12. exd5 exd5 13. Bb3 Nxd4 14. Nxd4 Bxd4+ 15. cxd4 Nf5 16. Kh1 Re8 17. Qf2 Qb6 18. Bxd5 Bd7 19. Rd1 Rad8 20. g4 Bc6 21. Bxc6 Qxc6+ 22. Qg2 Qxg2+ 23. Kxg2 Nxd4 24. Rd2 Nb5 25. Rxd8 Rxd8 26. Be3 Rd3 27. Kf2 Rd7 28. Rc1 Kg7 29. a4 Nc7 30. Ke2 Ne6 31. Rc4 Nd8 32. Bd4+ Kf8 33. Bf6 Nc6 34. b4 Rd6 35. g5 Ke8 36. b5 Na5 37. Rc7 Rd7 38. Rc8+ 1-0


[Site "https://www.chess.com"]

[Event "Titled Tuesday Blitz March 07 Early 2023"]
[White "Araujo, Everson De Moura"]
[Black "Belov, Alexei"]
[WhiteFideId "22737197"]
[BlackFideId "4128206"]
[WhiteElo "2035"]
[BlackElo "2559"]
[Result "0-1"]
[Round "01"]
[TimeControl "180+2"]
[Date "2023.03.07"]
[WhiteClock "0:00:16"]
[BlackClock "0:00:45"]

1. c4 e6 2. Nf3 d5 3. e3 Nf6 4. b3 Be7 5. Bb2 O-O 6. d4 Nbd7 7. Bd3 c5 8. cxd5 Nxd5 9. Nbd2 b6 10. O-O Bb7 11. Qc2 h6 12. a3 Rc8 13. Qb1 cxd4 14. Bxd4 Bf6 15. Rc1 Nc5 16. Bf1 Bxd4 17. Nxd4 e5 18. Nf5 Qf6 19. Nf3 Nxb3 20. Nxh6+ Qxh6 21. Qxb3 Qf6 22. Qd3 Rfd8 23. Qe2 Nc3 24. Qb2 Bxf3 25. Rxc3 Be4 26. Rxc8 Rxc8 27. Qd2 Rc2 28. Qd7 Qxf2+ 29. Kh1 Bxg2+ 30. Bxg2 Qxg2# 0-1


[Site "https://www.chess.com"]

[Event "Titled Tuesday Blitz March 07 Early 2023"]
[White "Kopczynski, Michal"]
[Black "Chabris, Christopher"]
[WhiteFideId "1124200"]
[BlackFideId "2005263"]
[WhiteElo "2212"]
[BlackElo "2207"]
[Result "0-1"]
[Round "01"]
[TimeControl "180+2"]
[Date "2023.03.07"]
[WhiteClock "0:00:12"]
[BlackClock "0:00:15"]

1. e4 c5 2. d4 cxd4 3. c3 e5 4. cxd4 exd4 5. f4 Nc6 6. Nf3 d5 7. e5 Bb4+ 8. Bd2 Qb6 9. Bd3 Nge7 10. O-O Bf5 11. Bc1 Bc5 12. a3 a5 13. Kh1 h5 14. Re1 h4 15. Ng5 g6 16. e6 f6 17. Nf7 Rh7 18. b4 axb4 19. axb4 Rxa1 20. bxc5 Qxc5 21. Bb2 Ra7 22. Bxf5 Nxf5 23. Qd3 Nb4 24. Qb3 Ng3+ 25. hxg3 hxg3+ 26. Kg1 d3+ 27. Kf1 Rh1# 0-1


[Site "https://www.chess.com"]

[Event "Titled Tuesday Blitz March 07 Early 2023"]
[White "Mohamed, Saeed Laily"]
[Black "Ilinca Ilinca, Felix Antonio"]
[WhiteFideId "9314946"]
[BlackFideId "54764998"]
[WhiteElo "1767"]
[BlackElo "2031"]
[Result "0-1"]
[Round "01"]
[TimeControl "180+2"]
[Date "2023.03.07"]
[WhiteClock "0:00:43"]
[BlackClock "0:01:46"]

1. d4 Nf6 2. c4 c5 3. d5 b5 4. cxb5 a6 5. bxa6 e6 6. Nc3 exd5 7. Nxd5 Nxd5 8. Qxd5 Nc6 9. Nf3 Bxa6 10. g3 Be7 11. Bg2 O-O 12. O-O Rb8 13. Rd1 Bxe2 14. Re1 Nb4 15. Qe4 Bxf3 16. Bxf3 Bf6 17. a3 d5 18. Qe2 Nc6 19. Rb1 Nd4 20. Qd3 Rb3 0-1


[Site "https://www.chess.com"]

[Event "Titled Tuesday Blitz March 07 Early 2023"]
[White "Migot, Tangi"]
[Black "Kuchava, Ana"]
[WhiteFideId "662445"]
[BlackFideId "13605348"]
[WhiteElo "2552"]
[BlackElo "2001"]
[Result "1-0"]
[Round "01"]
[TimeControl "180+2"]
[Date "2023.03.07"]
[WhiteClock "0:00:23"]
[BlackClock "0:00:12"]

1. d4 d5 2. c4 e6 3. Nc3 Be7 4. Bf4 Nf6 5. e3 O-O 6. Qc2 c5 7. dxc5 Bxc5 8. Nf3 Nc6 9. a3 Qa5 10. Nd2 Be7 11. Be2 Bd7 12. O-O Rac8 13. b4 Qd8 14. Qb3 dxc4 15. Nxc4 Nd5 16. Nxd5 exd5 17. Nd6 Rb8 18. Qxd5 Be6 19. Qd3 Bf6 20. Rad1 Ne5 21. Qe4 Ng6 22. Nxb7 Qb6 23. Bxb8 Rxb8 24. Nc5 h6 25. Nxe6 Qxe6 26. Qxe6 fxe6 27. Rd7 a5 28. bxa5 Ra8 29. a6 Bb2 30. Rb1 Bxa3 31. Rbb7 Bf8 32. a7 Ne5 33. Rdc7 1-0


[Site "https://www.chess.com"]

[Event "Titled Tuesday Blitz March 07 Early 2023"]
[White "Hartikainen, Jarmo"]
[Black "Strahov, Andrej"]
[WhiteFideId "503134"]
[BlackFideId "4165489"]
[WhiteElo "2201"]
[BlackElo "2551"]
[Result "0-1"]
[Round "01"]
[TimeControl "180+2"]
[Date "2023.03.07"]
[WhiteClock "0:00:40"]
[BlackClock "0:02:16"]

1. e4 b6 2. d4 Bb7 3. Bd3 g6 4. c3 Bg7 5. Nf3 d6 6. Qe2 Nd7 7. h3 e5 8. d5 Ne7 9. g4 O-O 10. Be3 Kh8 11. Na3 f5 12. gxf5 gxf5 13. O-O-O Nf6 14. Bg5 Qd7 15. Rhg1 fxe4 16. Bxe4 Nxe4 17. Qxe4 Qf5 18. Qxf5 Nxf5 19. c4 Rf7 20. Rd3 e4 0-1


[Site "https://www.chess.com"]